Map: Disco Bloodbath LE

Players

Anconeous

  • Race: Zerg Zerg
  • League: Platinum
  • Spawn Location: 9:00

pHARM - Winner!

  • Race: Zerg Zerg
  • League: Platinum
  • Spawn Location: 3:00

VOD

Have the link to the VOD?

Description

Time

  • Played on: Aug. 24, 2019, 8:02 p.m.
  • Length: 13:54
Show
View Real Time Build Order
Export as new Build Order

Anconeous Zerg 

Build Orders: Pool First, Lurkers 

Get SALT Encoding   

  12  0:18  Spawning Pool  
  11  0:21  Drone  
  11  0:26  Drone  
  13  0:35  Overlord  
  13  0:44  Drone  
  14  1:05  Zergling x6  
  17  1:17  Zergling x2  
  18  1:27  Zergling x2  
  18  1:28  Hatchery  
  18  1:41  Zergling x2, Extractor  
  18  1:55  Spine Crawler  
  18  1:56  Zergling x2  
  18  1:59  Queen  
  20  2:06  Spine Crawler  
  20  2:17  Zergling x4  
  21  2:34  Spine Crawler  
  21  2:37  Zergling x4  
  20  2:45  Drone  
  20  2:46  Drone  
  22  2:54  Drone x2  
  25  2:59  Metabolic Boost  
  25  3:03  Drone  
  26  3:10  Spine Crawler  
  24  3:23  Drone x3  
  27  3:32  Drone  
  27  3:33  Overlord  
  28  3:47  Overlord  
  28  3:54  Overlord  
  28  3:56  Drone x2  
  30  4:10  Drone x5  
  35  4:18  Queen  
  37  4:24  Drone  
  37  4:25  Drone  
  39  4:34  Overlord  
  39  4:42  Drone x5  
  39  4:43  Drone  
  45  4:55  Drone x2  
  45  4:57  Roach Warren  
  46  5:00  Overlord  
  46  5:01  Overlord  
  46  5:10  Overlord  
  46  5:12  Drone x3  
  49  5:32  Extractor  
  49  5:33  Hatchery  
  47  5:46  Roach x9  
  47  5:47  Roach  
  67  5:59  Lair  
  67  6:05  Overlord  
  67  6:06  Drone x2  
  67  6:07  Drone  
  67  6:09  Evolution Chamber, Drone  
  70  6:13  Evolution Chamber  
  69  6:31  Roach x5  
  78  6:41  Zerg Missile Weapons Level 1, Extractor  
  78  6:42  Extractor  
  78  6:45  Drone  
  78  6:46  Drone x8  
  85  6:50  Queen  
  87  7:03  Hydralisk Den  
  86  7:19  Overlord x2  
  86  7:21  Overseer x2  
  86  7:24  Hatchery  
  86  7:28  Drone x9  
  94  7:32  Ravager x3  
  97  7:39  Drone x2  
  97  7:40  Drone x4  
  101  7:55  Roach x6  
  110  8:08  Overlord x3  
  110  8:09  Lurker Den  
  94  8:30  Roach x8  
  100  8:40  Zergling x12  
  87  8:53  Roach  
  87  8:54  Roach x2  
  82  9:12  Drone x9  
  82  9:16  Ravager x6  
  98  9:17  Ravager  
  98  9:27  Overseer x2  
  98  9:38  Hydralisk  
  98  9:39  Hydralisk x2  
  104  9:47  Zergling x2  
  104  9:48  Zergling x22  
  116  9:59  Zergling x14  
  123  10:10  Overlord x5  
  123  10:11  Overlord  
  123  10:20  Extractor  
  122  10:21  Extractor  
  122  10:25  Hydralisk x7  
  135  10:33  Hatchery  
  133  10:37  Drone  
  133  10:38  Drone x9  
  109  10:59  Roach  
  109  11:00  Roach x9  
  123  11:09  Lurker  
  123  11:11  Lurker  
  123  11:14  Zergling x12  
  127  11:28  Lurker x3  
  127  11:30  Zergling x14  
  125  11:54  Zergling x22  
  117  12:00  Zergling x6  
  120  12:13  Roach x3  
  120  12:14  Roach  
  122  12:31  Hatchery  
  71  13:00  Roach  
  71  13:01  Roach x11  
Show
View Real Time Build Order
Export as new Build Order

pHARM Zerg - Winner!

Build Orders: Hatch First 

Get SALT Encoding   

  12  0:02  Drone  
  13  0:14  Overlord  
  13  0:20  Drone  
  14  0:32  Drone x2  
  16  0:41  Drone  
  17  0:56  Hatchery  
  16  1:00  Drone x2  
  18  1:15  Spawning Pool  
  18  1:18  Drone  
  18  1:21  Drone  
  19  1:30  Drone  
  20  1:39  Extractor  
  19  1:41  Drone  
  20  2:05  Zergling x4  
  20  2:08  Queen  
  22  2:22  Zergling x6  
  22  2:33  Zergling x2  
  23  2:43  Queen  
  24  2:48  Drone x2  
  26  3:05  Drone  
  27  3:29  Overlord  
  27  3:39  Overlord x2  
  27  3:46  Queen  
  29  3:48  Drone  
  29  3:49  Drone x5  
  35  4:10  Drone x6  
  41  4:18  Overlord x2  
  41  4:31  Evolution Chamber  
  41  4:33  Roach Warren  
  41  4:34  Evolution Chamber  
  38  4:47  Spine Crawler  
  38  4:48  Drone x5  
  38  4:49  Drone x2  
  44  4:57  Zerg Missile Weapons Level 1  
  44  5:03  Drone x4  
  48  5:15  Roach  
  48  5:16  Roach x3  
  56  5:23  Extractor  
  56  5:24  Extractor  
  56  5:25  Drone x2  
  56  5:50  Lair  
  56  6:00  Drone  
  56  6:01  Drone x3  
  60  6:05  Overlord x2  
  60  6:06  Roach x2  
  64  6:22  Roach  
  64  6:23  Roach x2  
  64  6:24  Overlord  
  70  6:40  Roach x3  
  70  6:41  Roach x3  
  70  6:44  Overlord x2  
  82  6:48  Glial Reconstitution  
  82  6:50  Roach x2  
  86  6:59  Zerg Missile Weapons Level 2  
  86  7:05  Hatchery  
  85  7:19  Roach  
  85  7:20  Roach x5  
  97  7:31  Overseer  
  88  8:06  Drone  
  88  8:07  Drone x8  
  97  8:17  Extractor  
  90  8:29  Roach  
  90  8:30  Drone x5  
  81  8:41  Drone  
  81  8:42  Drone x2  
  70  9:01  Queen  
  70  9:05  Extractor  
  70  9:06  Extractor  
  70  9:09  Zerg Ground Armor Level 1  
  68  9:23  Hydralisk Den  
  67  9:30  Roach x13  
  93  9:40  Drone x3  
  93  9:43  Infestation Pit  
  95  9:59  Grooved Spines  
  95  10:08  Roach x9  
  95  10:09  Zergling x2  
  95  10:10  Overlord x2  
  114  10:23  Extractor  
  114  10:41  Roach x4  
  99  10:51  Roach x10  
  99  10:52  Roach x2  
  110  10:58  Drone  
  110  10:59  Drone  
  112  11:10  Muscular Augments  
  112  11:13  Zerg Ground Armor Level 2  
  112  11:17  Hive  
  112  11:22  Drone x6  
  94  11:55  Roach  
  94  11:56  Roach x8  
  94  12:00  Overseer x5  
  112  12:12  Roach  
  112  12:13  Roach x2  
  114  12:37  Overlord x3  
  112  12:46  Roach x3  
  74  12:59  Roach x7  
  74  13:00  Roach x3  
  94  13:09  Drone  
Tags
 
Composition
Lurkers
Matchup
ZvZ
Race
Zerg
Replay Pack
10.7.19
Spawn Locations
Cross Positions
Add a new tag
Caveats
  • Supply blocks, unpowered buildings, or Contaminate may cause inaccurate times.
  • Supply counts are checked every 10 seconds.